 Dungeon Crawl Stone Soup version 0.23.2-40-g277498a001 (webtiles) character file.

Game seed: 11629653744718345933

30149 Unamuzed the Cruncher (level 13, -3/101 HPs)
             Began as a Formicid Fighter on Sept 27, 2019.
             Was an Initiate of Gozag.
             Killed from afar by a thorn hunter (7 damage)
             ... with a volley of thorns
             ... on level 2 of the Swamp.
             The game lasted 02:02:54 (18275 turns).

Unamuzed the Cruncher (Formicid Fighter)           Turns: 18275, Time: 02:02:57

Health: -3/101     AC: 25    Str: 29    XL:     13   Next: 86%
Magic:  13/13      EV: 12    Int:  8    God:    Gozag
Gold:   1592       SH: 17    Dex: 10    Spells: 12/12 levels left

rFire    . . .     SeeInvis +   a - +4 quarterstaff (chaos)
rCold    . . .     Gourm    .   c - +0 shield
rNeg     . . .     Faith    .   M - +10 plate armour {ponderous}
rPois    .         Spirit   .   (helmet unavailable)
rElec    .         Reflect  +   F - scarf {cloud immunity}
rCorr    .         Harm     .   r - +0 pair of gloves
MR       ++...                  (no boots)
Stlth    ..........             j - +5 amulet of reflection
HPRegen  0.26/turn              m - +3 ring of strength
MPRegen  0.13/turn              q - ring of protection from magic

@: very slightly contaminated, studying Dodging, invisible, slow
A: permanent stasis, dig shafts and tunnels, four strong arms, antennae 3
a: Dig, Shaft Self, Potion Petition, Call Merchant, Bribe Branch, Renounce
Religion


You were on level 2 of the Swamp.
You worshipped Gozag.
Gozag was most pleased with you.
You were near starving.

You visited 4 branches of the dungeon, and saw 15 of its levels.

You collected 2771 gold pieces.
You spent 1080 gold pieces at shops.
You paid 99 gold pieces to Gozag.

Inventory:

Hand Weapons
 a - a +4 quarterstaff of chaos (weapon)
 b - a +0 hunting sling
Missiles
 i - 387 stones (quivered)
 B - 3 sling bullets
Armour
 c - a +0 shield (worn)
 k - a +1 plate armour of fire resistance
 r - a +0 pair of gloves (worn)
 F - a scarf of cloud immunity (worn)
 M - a +10 plate armour of ponderousness (worn)
 N - the cursed +0 robe "Nuschomit" {Dex+2, unknown}
   (You found it on level 1 of the Lair of Beasts)

   It affects your dexterity (+2).
   It has a curse placed upon it.
Jewellery
 j - a +5 amulet of reflection (around neck)
 m - a +3 ring of strength (left hand)
 p - an uncursed ring of magical power
 q - a ring of protection from magic (right hand)
 O - an uncursed ring of ice
 P - a +3 ring of intelligence {unknown}
 Q - an uncursed amulet of faith
Wands
 g - a wand of iceblast (5)
 K - a wand of acid (7)
 R - a wand of flame (15)
 V - a wand of paralysis (6)
Scrolls
 n - 3 scrolls of fog {unknown}
 o - a scroll of fear
 s - a scroll of enchant armour {unknown}
 t - 5 scrolls of magic mapping
 u - 5 scrolls of enchant weapon
 v - a scroll of blinking {unknown}
 y - 2 scrolls of immolation {unknown}
 A - a scroll of identify
 G - 2 scrolls of random uselessness {unknown}
 H - 4 scrolls of remove curse
 J - a scroll of amnesia
 L - a scroll of holy word {unknown}
 S - a scroll of vulnerability {unknown}
Potions
 d - a potion of might
 e - a potion of invisibility
 h - a potion of agility
 l - a potion of resistance
 w - 3 potions of magic
 x - a potion of brilliance
 z - 2 potions of lignification
 C - 2 potions of flight
 E - 2 potions of curing
 I - 2 potions of mutation {unknown}
 T - a potion of degeneration {unknown}
Books
 D - a manual of Dodging
Miscellaneous
 U - a lightning rod (4/4)
Comestibles
 f - 20 rations


   Skills:
 + Level 9.2 Fighting
   Level 3.5(9.8) Polearms
 * Level 13.7(13.9) Staves
 + Level 8.6(8.7) Slings
 + Level 0.8(5.0) Throwing
 + Level 9.0 Armour
 - Level 10.0 Dodging
 + Level 5.2 Stealth
 - Level 9.0 Shields
 + Level 0.3 Evocations


You had 12 spell levels left.
You didn't know any spells.
Your spell library contained the following spells:

 Spells                   Type           Power        Failure   Level  Hunger
 Freeze                   Ice            #...         98%         1    ##.....
 Throw Frost              Conj/Ice       #.....       99%         2    ###....
 Ozocubu's Armour         Chrm/Ice       #.......     100%        3    ####...
 Summon Ice Beast         Ice/Summ       #.......     100%        4    #####..
 Summon Lightning Spire   Summ/Air       #.......     100%        4    #####..
 Throw Icicle             Conj/Ice       #.......     100%        4    #####..
 Silence                  Hex/Air        #.........   100%        5    ######.
 Conjure Ball Lightning   Conj/Air       #.........   100%        6    #######
 Deflect Missiles         Chrm/Air       #.........   100%        6    #######
 Tornado                  Air            #.........   100%        9    #######


Dungeon Overview and Level Annotations

Branches:
Dungeon (9/15)             Temple (1/1) D:5            Lair (3/6) D:9
  Swamp (2/4) Lair:3        Snake (0/4) Lair:3
    Orc: D:9-12

Altars:
Ashenzari
Cheibriados
Dithmenos
Elyvilon
Fedhas
Gozag
Hepliaklqana
Kikubaaqudgha
Makhleb
Nemelex Xobeh
Okawaru
Qazlal
Ru
Sif Muna
Trog
Uskayaw
Vehumet
Wu Jian
Xom
Yredelemnul
Zin
The Shining One

Shops:
D:5 !   D:6 *[   D:8 ?

Annotations:
Swamp:1 1 runed translucent door, exclusion: door, sydd's ghost, journeyman DgEE


Innate Abilities, Weirdness & Mutations

You cannot be hasted, slowed, berserked, paralysed or teleported.
You can dig through walls and to a lower floor.
Your four strong arms can wield two-handed weapons with a shield.
You have a pair of large antennae on your head. (SInv)


Message History

You fade into invisibility!
You block the vampire mosquito's attack.
The spriggan rider barely misses you.
The swamp drake breathes noxious fumes at you.
The noxious blast engulfs the spriggan rider but does no damage.
The swamp worm throws harpoon shot at you.
The harpoon shot misses you.
You are very lightly contaminated with residual magic.
The spriggan rider is engulfed in noxious fumes.
Something completely misses the thorn hunter.
Press: ? - help, v - describe, . - travel
Here: a thorn hunter (moderately damaged)
The floor, spattered with blood.
As you read the scroll of fear, it crumbles to dust.
You assume a fearsome visage.
The thorn hunter is unaffected.
The vampire mosquito is unaffected.
The swamp worm looks frightened!
The thorn hunter fires a volley of thorns at you.
The volley of thorns hits you!
You die...
Your body crumbles into a pile of gold.

♣♣♣♣♣♣♣♣ ♣≈...≈≈≈≈♣ ≈.≈≈...
♣≈.≈≈.≈♣♣♣♣♣≈...♣♣♣♣ ♣>..
≈§≈≈≈≈.≈..♣.≈P.)♣♣ ♣.≈...
.≈≈≈≈≈.♣♣♣♣≈≈PP..♣ ≈≈≈<..≈
.≈≈§≈.♣♣♣♣♣≈≈PP..♣♣ ≈.≈$≈..
♣...≈♣§.♣♣≈♣.PP≈.≈♣ ..≈♣♣♣♣
....≈.<....♣.PP≈.≈♣ ≈.
≈≈≈≈≈..♣♣..≈≈PP≈≈≈♣ ♣♣♣♣♣♣♣
≈≈≈≈≈.♣♣♣♣♣.≈PP≈@.♣♣♣♣..≈≈.♣♣
≈≈≈≈..♣♣ ♣.≈PP..f♣i○○≈≈≈≈≈.♣♣
≈≈≈≈≈≈.♣
♣♣♣PP≈≈≈y≈°{k≈≈≈≈..♣♣♣
≈≈≈≈≈≈≈..
♣♣P≈≈≈≈≈.≈...≈≈≈...≈
..≈≈≈≈≈≈..
♣P.≈w≈≈...♣.$≈$...♣
≈≈.≈≈≈≈≈..
..PP..≈≈≈..[♣♣..♣≈...
≈.≈≈≈≈≈≈
≈≈≈...≈≈≈≈≈..≈♣♣♣((.≈≈
..≈≈≈≈≈≈ ≈≈≈≈.≈≈≈≈≈≈...♣
...≈≈ .≈≈≈≈≈≈≈
.≈≈≈.≈≈≈≈≈≈)≈♣♣ ...≈


You could see a thorn hunter, a swamp worm (fleeing) and a vampire mosquito.

Vanquished Creatures
  The ghost of dracomuter the Fighter, a journeyman HuFi of Nemelex Xobeh (Lair:1)
  Fannar (Lair:1)
  4 hydras
  A shambling mangrove (Swamp:2)
  3 alligators
  The ghost of kmx the Cruncher, a novice DsGl of Makhleb (D:9)
  Sonja (Lair:2)
  The ghost of tamionv the Basher, a novice GrFi of Uskayaw (D:9)
  A lindwurm (Lair:3)
  A swamp dragon (Swamp:1)
  The ghost of Emblim88 the Covert, a novice DESu of Dithmenos (D:9)
  A manticore (D:6)
  5 elephants (Lair:2)
  2 black mambas (Lair:2)
  8 spiny frogs
  A komodo dragon (Lair:2)
  A queen bee (shapeshifter) (Swamp:2)
  5 tyrant leeches (Swamp:2)
  A hornet (Swamp:2)
  2 bog bodies (Swamp:1)
  Grinder (D:4)
  7 slime creatures
  A snapping turtle (Swamp:1)
  Sigmund (D:6)
  A spriggan (Swamp:2)
  Eustachio (D:6)
  16 yaks
  A hungry ghost (D:7)
  2 basilisks
  14 vampire mosquitoes
  Edmund (D:4)
  6 swamp worms
  An acid dragon (D:6)
  3 water moccasins
  Duvessa (D:6)
  2 porcupines
  A swamp drake (Swamp:2)
  4 orc warriors
  5 ice beasts
  2 sky beasts
  2 black bears
  3 wolves (Lair:2)
  2 centaurs
  3 crocodiles
  A big kobold (D:7)
  9 bullfrogs
  Dowan (D:6)
  A scorpion (D:5)
  3 killer bees (D:7)
  2 howler monkeys
  4 electric eels
  A wight (D:5)
  4 crimson imps
  2 bullfrog zombies (D:5)
  3 hounds
  18 orc priests
  3 jellies
  4 orc wizards
  Crazy Yiuf (D:3)
  An iguana (D:7)
  6 worker ants
  A killer bee zombie (D:9)
  A hound skeleton (D:6)
  Robin (D:3)
  3 gnolls (D:3)
  13 adders
  3 shadow imps
  2 adder skeletons
  A worm (D:5)
  6 leopard geckos
  48 orcs
  2 ball pythons
  6 bats
  4 giant cockroaches
  17 goblins
  3 hobgoblins
  16 jackals
  13 kobolds
  2 quokkas
  6 frilled lizards
  2 quokka skeletons (D:4)
  9 rats
346 creatures vanquished.

Vanquished Creatures (others)
  A dancing weapon (Lair:1)
  A kobold (D:7)
  5 fungi
  5 plants (Swamp:1)
12 creatures vanquished.

Grand Total: 358 creatures vanquished

Notes
Turn   | Place    | Note
-------+----------+-------------------------------------------
     0 | D:1      | Unamuzed the Formicid Fighter began the quest for the Orb.
     0 | D:1      | Reached XP level 1. HP: 18/18 MP: 1/1
   145 | D:1      | Reached XP level 2. HP: 24/24 MP: 2/2
   351 | D:1      | Found an iron altar of Okawaru.
   736 | D:1      | Reached XP level 3. HP: 19/30 MP: 3/3
  1071 | D:2      | Found a snail-covered altar of Cheibriados.
  1081 | D:2      | Found a basalt altar of Yredelemnul.
  1132 | D:2      | Found a deep blue altar of Sif Muna.
  1306 | D:2      | Reached XP level 4. HP: 36/37 MP: 4/4
  1870 | D:2      | Reached skill level 1 in Slings
  2089 | D:3      | Noticed Robin
  2107 | D:2      | Reached XP level 5. HP: 42/42 MP: 5/5
  2150 | D:3      | Killed Robin
  2150 | D:3      | Reached skill level 1 in Stealth
  2476 | D:3      | Reached XP level 6. HP: 39/48 MP: 6/6
  2582 | D:3      | Found a shadowy altar of Dithmenos.
  2969 | D:3      | Found a runed translucent door.
  2970 | D:3      | Noticed Crazy Yiuf
  3078 | D:3      | Killed Crazy Yiuf
  3100 | D:3      | Found a faded altar of an unknown god.
  3459 | D:4      | Reached skill level 1 in Staves
  3462 | D:4      | Reached skill level 1 in Dodging
  3592 | D:4      | Reached XP level 7. HP: 55/55 MP: 7/7
  3788 | D:4      | Noticed Edmund
  3822 | D:4      | Killed Edmund
  3822 | D:4      | Reached skill level 2 in Staves
  3822 | D:4      | Reached skill level 5 in Armour
  3822 | D:4      | Reached skill level 5 in Shields
  4030 | D:4      | Reached skill level 3 in Staves
  4208 | D:4      | Noticed Grinder
  4288 | D:4      | Killed Grinder
  4288 | D:4      | Reached XP level 8. HP: 25/61 MP: 8/8
  4781 | D:5      | Entered Level 5 of the Dungeon
  4859 | D:5      | Reached skill level 5 in Fighting
  4859 | D:5      | Reached skill level 4 in Staves
  5251 | D:5      | Found Fayradwapt's Distillery.
  5262 | D:5      | Bought a potion of flight for 42 gold pieces
  5262 | D:5      | Bought a potion of curing for 42 gold pieces
  5511 | D:5      | Reached skill level 5 in Staves
  5521 | D:5      | Found a hazy altar of Hepliaklqana.
  5672 | D:5      | Found a staircase to the Ecumenical Temple.
  5683 | Temple   | Entered the Ecumenical Temple
  5900 | Temple   | Became a worshipper of Gozag Ym Sagoz the Greedy
  6092 | D:5      | Reached XP level 9. HP: 68/68 MP: 9/9
  6205 | D:6      | Found Iwur Neiz's Antique Armour Shoppe.
  6281 | D:6      | Bought a glowing scarf for 208 gold pieces
  6335 | D:6      | Reached skill level 6 in Staves
  6401 | D:6      | Reached skill level 5 in Slings
  6435 | D:6      | Noticed Sigmund
  6444 | D:6      | Noticed Dowan
  6469 | D:6      | Killed Sigmund
  6480 | D:6      | Killed Dowan
  6529 | D:6      | Noticed Duvessa
  6538 | D:6      | Killed Duvessa
  6615 | D:6      | Noticed a manticore
  7163 | D:6      | Killed a manticore
  7432 | D:6      | Noticed Eustachio
  7445 | D:6      | Killed Eustachio
  7445 | D:6      | Reached XP level 10. HP: 70/76 MP: 10/10
  7473 | D:6      | Reached skill level 7 in Staves
  7496 | D:6      | Found Lounnot's General Store.
  8591 | D:7      | Reached skill level 5 in Dodging
  8637 | D:7      | You fall through a shaft for 2 floors!
  8716 | D:8      | Found an ornate altar of the Wu Jian Council.
  8746 | D:8      | Found a stormy altar of Qazlal.
  8747 | D:8      | Found Bierch's Magic Scroll Shop.
  8764 | D:8      | Bought a scroll of noise for 14 gold pieces
  8764 | D:8      | Bought a scroll of fear for 49 gold pieces
  8764 | D:8      | Bought a scroll of amnesia for 49 gold pieces
  8936 | D:7      | Reached skill level 8 in Staves
  9309 | D:8      | Found an iron altar of Okawaru.
  9639 | D:9      | Found a runed translucent gate.
  9639 | D:9      | Found a runed translucent gate.
  9639 | D:9      | Noticed kmx's ghost (novice DsGl)
  9639 | D:9      | Noticed Emblim88's ghost (novice DESu)
  9639 | D:9      | Noticed tamionv's ghost (novice GrFi)
  9949 | D:9      | Found a hide-covered altar of Uskayaw.
 10321 | D:9      | Found a staircase to the Lair.
 10346 | D:9      | Reached XP level 11. HP: 70/83 MP: 11/11
 10776 | D:9      | Found a runed translucent gate.
 10815 | D:9      | Killed tamionv's ghost
 10815 | D:9      | Reached skill level 9 in Staves
 10837 | D:9      | Killed kmx's ghost
 10848 | D:9      | Killed Emblim88's ghost
 10981 | Lair:1   | Entered Level 1 of the Lair of Beasts
 11108 | D:6      | Bought a runed plate armour for 676 gold pieces
 11499 | Lair:1   | Found a runed translucent door.
 11499 | Lair:1   | Found a shimmering altar of Xom.
 11499 | Lair:1   | Noticed a +2 scimitar of chaos
 11499 | Lair:1   | Noticed dracomuter's ghost (journeyman HuFi)
 11513 | Lair:1   | Killed a +2 scimitar of chaos
 11513 | Lair:1   | Reached skill level 10 in Staves
 11557 | Lair:1   | Killed dracomuter's ghost
 12347 | Lair:1   | Got a fabulously ornate robe
 12459 | Lair:1   | Noticed Fannar
 12486 | Lair:1   | Killed Fannar
 12486 | Lair:1   | Reached XP level 12. HP: 91/91 MP: 12/12
 13318 | Lair:2   | Noticed a seven-headed hydra
 13327 | Lair:2   | Killed a seven-headed hydra
 13327 | Lair:2   | Reached skill level 11 in Staves
 14369 | Lair:3   | Noticed Sonja
 14637 | Lair:2   | Killed Sonja
 14975 | Lair:3   | Found a staircase to the Snake Pit.
 15043 | Lair:3   | Reached skill level 12 in Staves
 15246 | Lair:3   | Found a staircase to the Swamp.
 15772 | Swamp:1  | Entered Level 1 of the Swamp
 15781 | Swamp:1  | Reached XP level 13. HP: 98/98 MP: 13/13
 16033 | Swamp:1  | Noticed a six-headed hydra
 16033 | Swamp:1  | Noticed a seven-headed hydra
 16043 | Swamp:1  | Killed a seven-headed hydra
 16043 | Swamp:1  | Reached skill level 10 in Dodging
 16048 | Swamp:1  | Killed a six-headed hydra
 16270 | Swamp:1  | Reached skill level 13 in Staves
 16597 | Swamp:1  | Found a runed translucent door.
 16598 | Swamp:1  | Identified the +5 trident "Xyhuiheam" {elec, rC+}
 16599 | Swamp:1  | Noticed sydd's ghost (journeyman DgEE)
 17131 | Swamp:2  | Noticed a seven-headed hydra
 17141 | Swamp:1  | Killed a seven-headed hydra
 17353 | Swamp:2  | Noticed a shambling mangrove
 17369 | Swamp:2  | Killed a shambling mangrove
 17548 | Swamp:2  | Reached skill level 5 in Stealth
 18251 | Swamp:2  | Noticed a thorn hunter
 18271 | Swamp:2  | HP: 4/101 [swamp worm/harpoon shot (9)]
 18275 | Swamp:2  | Killed from afar by a thorn hunter

Skill      XL: |  1  2  3  4  5  6  7  8  9 10 11 12 13 |
---------------+----------------------------------------+-----
Shields        | 4 5 6 8 9 |  9.0
Fighting       | 4 5 6 7 8 9 |  9.2
Slings         | 1 2 4 6 7 8 |  8.6
Armour         | 4 5 6 7 9 |  9.0
Stealth        | 1 2 3 4 5 |  5.2
Polearms       | 3 |  3.5
Staves         | 1 3 5 6 8 10 12 13 | 13.7
Dodging        | 1 4 6 8 9 10 | 10.0
Throwing       | |  0.8
Evocations     | |  0.3

Action                   |  1- 3 |  4- 6 |  7- 9 | 10-12 | 13-15 || total
-------------------------+-------+-------+-------+-------+-------++-------
Melee: Trident           |    63 |   175 |       |       |       ||   238
       Quarterstaff      |       |    31 |   150 |   551 |   264 ||   996
       Halberd           |       |    15 |       |       |       ||    15
 Fire: Hunting sling     |    19 |    27 |   149 |   138 |    43 ||   376
Throw: Stone             |       |     5 |     2 |     7 |     5 ||    19
Invok: Potion Petition   |       |       |       |     1 |       ||     1
Evoke: Wand              |       |       |       |       |     6 ||     6
  Use: Scroll            |     4 |     6 |     4 |     7 |     2 ||    23
       Potion            |       |     1 |       |     7 |     3 ||    11
 Stab: Paralysed         |       |       |     2 |     9 |     7 ||    18
       Distracted        |       |       |       |     1 |       ||     1
       Petrified         |       |       |       |     4 |     3 ||     7
       Confused          |       |       |       |     1 |       ||     1
       Petrifying        |       |       |       |     2 |     2 ||     4
  Eat: Chunk             |     1 |     8 |     4 |       |       ||    13
       Ration            |       |       |     3 |     8 |     2 ||    13
Armor: Scale mail        |    27 |       |       |       |       ||    27
       Chain mail        |     6 |    85 |     2 |       |       ||    93
       Plate armour      |       |       |    46 |   125 |   102 ||   273
Dodge: Dodged            |    25 |    46 |    31 |   108 |    65 ||   275
Block: Shield            |    47 |   120 |    99 |   386 |   172 ||   824
       Reflection        |       |       |     6 |    20 |     4 ||    30
